[Event "*** Titled Tuesday Blitz"]
[Site "Chess.com"]
[Date "2020.05.19"]
[Round "2"]
[White "1g41-0"]
[Black "124chess"]
[Result "1-0"]
[WhiteElo "2520"]
[BlackElo "2760"]
[TimeControl "180+1"]
[EndTime "12:18:35 PDT"]
[Termination "1g41-0 won by resignation"]

1. d4 d5 2. c4 e6 3. Nc3 c6 4.
Nf3 dxc4 5. e4 b5 6. e5 Ne7 7. Bg5 h6 8. Bh4 Qa5 9. Be2 Nd5 10. O-O Nxc3 11. bxc3 Qxc3 12. a4 a6 13. axb5 cxb5 14. d5 g5 15. dxe6 Bxe6 16. Nd4 Bc5 17. Nxb5 axb5 18.
Rxa8 O-O 19. Bg3 Nd7 20. Ra6 Nb8 21. Rxe6 fxe6 22. Bg4 Kf7 23. Qb1 Qd3 24. Qxb5 Qd5 25. Qb1 Nd7 26. Qh7+ Ke8 27. Rd1 Qc6 28. Qxh6 Kd8 29.
Qxe6 Qxe6 30. Bxe6 c3 31. Rxd7+ Ke8 32. Rd1 Ba3 33.
Bb3 Rf5 34. e6 Rb5 35. Ba4 Ke7 36. Bxb5 c2 37. Rf1 c1=Q 38. Rxc1 Bxc1 39. Bd7 1-0

[Event "*** Titled Tuesday Blitz"]
[Site "Chess.com"]
[Date "2020.05.19"]
[Round "2"]
[White "Zurability"]
[Black "IMJonathanCarlstedt"]
[Result "1-0"]
[WhiteElo "2693"]
[BlackElo "2470"]
[TimeControl "180+1"]
[EndTime "12:18:35 PDT"]
[Termination "Zurability won on time"]

1. Nf3 g6 2. d4 Bg7 3. e4 d6 4.
Nc3 a6 5. a4 Nc6 6. Be3 e5 7.
dxe5 dxe5 8. Qxd8+ Kxd8 9. O-O-O+ Bd7 10. g3 Ke8 11. Nd5 Rc8 12. Nd2 Nge7 13. Nc4 Nxd5 14. exd5 Nd4 15. b3 f5 16. f4 Nf3 17. fxe5 Nxe5 18. Bd4 Nxc4 19. Bxg7 Rg8 20. Bh6 Nd6 21. c4 Ne4 22. Be3 Kf7 23. c5 Rge8 24. Bc4 b5 25.
cxb6 cxb6 26. d6+ Kf6 27. Bxb6 Rc6 28. Bd4+ Kg5 29. Be3+ Kf6 30. h4 Be6 31. d7 Rd8 32. Bg5+ Kg7 33. Bxd8 Bxc4 34. bxc4 Rxc4+ 35. Kb2 Rb4+ 36. Ka3 a5 37. Bg5 Nc3 38. d8=Q 1-0

[Event "*** Titled Tuesday Blitz"]
[Site "Chess.com"]
[Date "2020.05.19"]
[Round "2"]
[White "BlackBoarder"]
[Black "Marcan2b"]
[Result "0-1"]
[WhiteElo "2629"]
[BlackElo "2429"]
[TimeControl "180+1"]
[EndTime "12:18:35 PDT"]
[Termination "Marcan2b won on time"]

1. e4 e6 2. d4 d5 3. Bd3 dxe4 4.
Bxe4 Nf6 5. Bf3 c5 6. Ne2 Be7 7. Be3 cxd4 8. Qxd4 Qa5+ 9. Nbc3 O-O 10. O-O-O Nc6 11.
Qa4 Qxa4 12. Nxa4 Ne5 13. Nd4 Nxf3 14. Nxf3 Bd7 15. Bc5 Rfe8 16. Bxe7 Rxe7 17. Nc3 Bc6 18.
Rd3 Ree8 19. h3 Rac8 20. Rhd1 h6 21. g3 a6 22. Ne5 Bg2 23. h4 Bh3 24. Nd7 Ng4 25.
R1d2 Bf1 26. Rd4 Nh2 27. Rd1 Bh3 28. Ne5 Bg2 29. Rf4 f6 30. Nd3 e5 31. Rb4 Nf3 32.
Rxb7 Nxh4 33. gxh4 Bxb7 34. Rg1 Kf7 35. Nb4 Rc4 36. h5 Rxb4 0-1

[Event "*** Titled Tuesday Blitz"]
[Site "Chess.com"]
[Date "2020.05.19"]
[Round "2"]
[White "miruna_daria28"]
[Black "SanchezKelvin"]
[Result "0-1"]
[WhiteElo "2244"]
[BlackElo "2458"]
[TimeControl "180+1"]
[EndTime "12:18:35 PDT"]
[Termination "SanchezKelvin won by resignation"]

1. e4 c5 2. Nf3 d6 3. d4 cxd4 4. Nxd4 Nf6 5. Nc3 g6 6. Be3 Bg7 7. f3 O-O 8. Qd2 Nc6 9. g4 Nxd4 10. Bxd4 Be6 11. O-O-O Qa5 12. Kb1 Rfc8 13. g5 Nd7 14. Bxg7 Kxg7 15. Qd4+ Kg8 16. Nd5 Bxd5 17. exd5 Qc5 18.
Qd2 Ne5 19. Be2 b5 20. h4 Rab8 21. h5 Nc4 22. Bxc4 bxc4 23. c3 Rf8 24. hxg6 fxg6 25. Rh6 Rf7 26. Rdh1 Qc8 27. Qh2 Qf5+ 28. Ka1 Qxf3 29.
Rxg6+ Kf8 30. Rf6 Qxd5 31. Qh6+ Ke8 32. Rxf7 Qxf7 33. Qxh7 Qxh7 34. Rxh7 Rb5 35. g6 Rg5 36. Rh1 Rxg6 37. b3 cxb3 38. axb3 Rg2 39. c4 Kd7 40. Re1 e5 41. Kb1 Kc6 0-1

[Event "*** Titled Tuesday Blitz"]
[Site "Chess.com"]
[Date "2020.05.19"]
[Round "2"]
[White "Abdodi"]
[Black "Andrii_Prydun"]
[Result "1-0"]
[WhiteElo "2157"]
[BlackElo "2392"]
[TimeControl "180+1"]
[EndTime "12:18:35 PDT"]
[Termination "Abdodi won by resignation"]

1. e4 c6 2. d4 d5 3. Nf3 dxe4 4.
Nfd2 Qxd4 5. Be2 Nf6 6. O-O Bf5 7. Re1 e6 8. c3 Qd8 9. Qb3 Qb6 10. Qa4 Bc5 11.
Rf1 Bxf2+ 12. Kh1 Bc5 13. Nc4 Qd8 14. Bg5 O-O 15. Qb3 Nbd7 16. Qxb7 Qc8 17. Qb3 Rb8 18. Qd1 Nd5 19. Nbd2 h6 20. Bh4 Ne3 21. Nxe3 Bxe3 22.
Nc4 Bg5 23. Bxg5 hxg5 24. Nd6 Qc7 25. Nxf5 exf5 26. Rxf5 Rxb2 27. Rxg5 Nf6 28. Bc4 Rd8 29. Qf1 Qe7 30. Re1 e3 31. Qf3 e2 32. Qg3 Nh5 33. Rxh5 Rb1 34. Bxe2 Rxe1+ 35. Qxe1 Re8 36. h3 Qxe2 37. Qh4 Qe1+ 38. Qxe1 Rxe1+ 39. Kh2 Re7 40. Rc5 Rc7 41. Kg3 Kf8 42. Kf4 f6 43. Ke4 Ke7 44.
Kd4 Kd6 45. Ra5 Re7 46. Kd3 Rd7 47. Ke4 Re7+ 48. Kf5 c5 49. c4 Re5+ 50. Kf4 Re7 51. Ra6+ Kd7 52. Rxa7+ Ke8 53. Rxe7+ Kxe7 54. Ke4 Kd6 55. Kf5 Ke7 56. a4 Kd6 57. h4 Ke7 58. h5 Kd6 59. g3 Ke7 60. g4 Kd6 61. a5 Kc6 62. Kg6 Kd6 63. Kxg7 Ke5 1-0

[Event "*** Titled Tuesday Blitz"]
[Site "Chess.com"]
[Date "2020.05.19"]
[Round "2"]
[White "Skatchkov_V"]
[Black "Zhuu96"]
[Result "0-1"]
[WhiteElo "2541"]
[BlackElo "2865"]
[TimeControl "180+1"]
[EndTime "12:18:36 PDT"]
[Termination "Zhuu96 won on time"]

1. d4 Nf6 2. c4 e6 3. Nf3 d5 4. g3 Be7 5. Bg2 O-O 6. O-O c6 7. Nc3 b6 8. b3 Bb7 9. Bb2 Na6 10. Rc1 dxc4 11. bxc4 c5 12. d5 exd5 13. Nh4 Nc7 14. Nf5 Re8 15. Qd2 Bf8 16. Rfd1 g6 17. Nh6+ Bxh6 18.
Qxh6 Qd6 19. Nxd5 Bxd5 20. Bxd5 Ncxd5 21. Rxd5 Qc6 22. Rcd1 Rxe2 23. Rd8+ Re8 24. Rxa8 Rxa8 25. Qg5 Ne8 26. Re1 f6 27. Qf4 Rd8 28. h4 Kf7 29. Kh2 Ng7 30. Qh6 Qf3 31. Qe3 Qxe3 32. Rxe3 Rd2 33. Rb3 Rxf2+ 0-1

[Event "*** Titled Tuesday Blitz"]
[Site "Chess.com"]
[Date "2020.05.19"]
[Round "2"]
[White "LimeInTheCoconut"]
[Black "Igrok3069"]
[Result "0-1"]
[WhiteElo "2502"]
[BlackElo "2763"]
[TimeControl "180+1"]
[EndTime "12:18:36 PDT"]
[Termination "Igrok3069 won on time"]

1. d4 d5 2. c4 c6 3. Nf3 Nf6 4. Nc3 e6 5. Bg5 Nbd7 6. e3 Qa5 7. cxd5 Nxd5 8. Qd2 Bb4 9. Rc1 h6 10. Bh4 b6 11. a3 Bxc3 12. bxc3 c5 13. c4 Qxd2+ 14. Nxd2 Ne7 15. f3 Ba6 16. Be2 Rc8 17. Bf2 cxd4 18. exd4 O-O 19. O-O Rfd8 20. Rfd1 Nf5 21. g4 Nd6 22. Kf1 Rc6 23. Rc2 Rdc8 24. Rdc1 f5 25. h3 Nf6 26. Bg3 g5 27. Ke1 f4 28. Bf2 Nd5 29.
cxd5 Rxc2 30. Rxc2 Rxc2 31. Bxa6 exd5 32. a4 Ra2 33.
Bb5 Nxb5 34. axb5 Rb2 35. Ke2 Rxb5 36. Kd3 Rb2 37. h4 Ra2 38. hxg5 hxg5 39. Kc3 Kf7 40. Be1 Ra1 41. Bf2 Ke6 42. Kc2 Kd7 43. Kb2 Rh1 44.
Kc2 Kc6 45. Kd3 a5 46. Nb3 Rf1 0-1

[Event "*** Titled Tuesday Blitz"]
[Site "Chess.com"]
[Date "2020.05.19"]
[Round "2"]
[White "Jagerrmeisterr"]
[Black "AnkitGajwa"]
[Result "0-1"]
[WhiteElo "2651"]
[BlackElo "2448"]
[TimeControl "180+1"]
[EndTime "12:18:36 PDT"]
[Termination "AnkitGajwa won by resignation"]

1. e4 c5 2. Nc3 Nc6 3. g3 g6 4. Bg2 Bg7 5. d3 d6 6. Be3 e5 7. Nh3 Nge7 8. O-O O-O 9. Qd2 Be6 10. f4 exf4 11. Nxf4 Ne5 12. h3 Qd7 13. Nxe6 fxe6 14. Bh6 N7c6 15. Bxg7 Qxg7 16. Ne2 Nd4 17. Nxd4 cxd4 18.
c3 Nc6 19. h4 Qe5 20. Rf4 Rxf4 21. gxf4 Qh5 22. Qf2 dxc3 23. bxc3 Rf8 24. Rf1 Kh8 25. d4 Qg4 26. Kh2 e5 27. dxe5 dxe5 28. f5 gxf5 29.
exf5 e4 30. Bh3 Qg7 31. f6 Qc7+ 32. Qf4 Ne5 33. Kh1 Qxc3 34. Bg2 Ng6 35. Qg5 e3 36. Bf3 Qxf6 37. Qxe3 Nxh4 38. Be2 Qc6+ 0-1

[Event "*** Titled Tuesday Blitz"]
[Site "Chess.com"]
[Date "2020.05.19"]
[Round "2"]
[White "Eltaj_Safarli"]
[Black "lili_ani"]
[Result "1-0"]
[WhiteElo "3002"]
[BlackElo "2574"]
[TimeControl "180+1"]
[EndTime "12:18:38 PDT"]
[Termination "Eltaj_Safarli won on time"]

1. e4 c5 2. Nc3 Nc6 3. Bb5 Nd4 4. Nf3 Nxb5 5. Nxb5 e6 6. O-O a6 7. Nc3 b5 8. d4 cxd4 9. Qxd4 Bb7 10. Bf4 d6 11. Bg3 Nf6 12. Rfe1 Be7 13. Rad1 e5 14. Qd3 b4 15. Na4 Bc6 16. b3 O-O 17. Nb2 Nd7 18. Qe3 Bb5 19. c4 bxc3 20. Qxc3 Rc8 21. Qe3 a5 22. h3 Qb6 23. Qd2 Nc5 24. Nh4 g6 25. Qh6 Ne6 26. Nf3 Rc2 27. Rd2 Rfc8 28. Nc4 R2xc4 29.
bxc4 Bxc4 30. Red1 Bf8 31. Qh4 a4 32. Ng5 Nxg5 33. Qxg5 Be6 34. Kh2 a3 35. f4 h6 36.
Qh4 exf4 37. Qxf4 Rc3 38. Bf2 Qb5 39. Bd4 Rc4 40. Qf6 Rxd4 41. Qxd4 Bg7 42. Qe3 Be5+ 43.
Kh1 g5 44. Qxa3 Qc4 45. Qe3 Bf4 46. Qd4 Qb5 47. Rb2 Qa5 48. Rb8+ Kh7 49. Qf6 1-0

[Event "*** Titled Tuesday Blitz"]
[Site "Chess.com"]
[Date "2020.05.19"]
[Round "2"]
[White "Slovak_fighter2000"]
[Black "Bulldog167"]
[Result "1-0"]
[WhiteElo "2529"]
[BlackElo "2782"]
[TimeControl "180+1"]
[EndTime "12:18:39 PDT"]
[Termination "Slovak_fighter2000 won by checkmate"]

1. d4 Nf6 2. Nf3 e6 3. Bf4 b6 4. e3 Bb7 5. Nbd2 c5 6. Nc4 cxd4 7. exd4 d6 8. c3 Be7 9. Be2 O-O 10. O-O Qc7 11. h3 Nbd7 12. a4 a6 13. Bg3 Rfe8 14.
Ne3 Bf8 15. Nd2 g6 16. Bf3 Reb8 17. Bxb7 Qxb7 18. Qf3 Qxf3 19. Nxf3 b5 20. axb5 axb5 21. Nd2 Nb6 22. Rfc1 Nfd5 23. Nxd5 Nxd5 24. Kf1 f5 25. Ke2 Kf7 26. Nb3 Ra4 27. Kd3 Rba8 28. Rxa4 bxa4 29. Ra1 f4 30. Bh2 Rb8 31. Nd2 Rxb2 32. Rxa4 e5 33. dxe5 dxe5 34. Ra5 Ke6 35. Ne4 Be7 36. Ra6+ Kf7 37.
Ra5 Ke6 38. Ra6+ Kf5 39. g4+ fxg3 40. Nxg3+ Kg5 41. Ne4+ Kf5 42. Ng3+ Kf4 43. Ne4+ Kf3 44. Bxe5 Rb1 45. Nd2+ Kxf2 46. Nxb1 Kg2 47. Kd4 Kxh3 48.
Kxd5 g5 49. Nd2 h5 50. c4 g4 51. Ne4 h4 52. c5 g3 53. Nxg3 hxg3 54. Bxg3 Kxg3 55.
c6 Kh2 56. c7 Bh4 57. c8=Q Bg3 58. Ra2+ Kh1 59. Qh3+ Bh2 60. Qg2# 1-0

[Event "*** Titled Tuesday Blitz"]
[Site "Chess.com"]
[Date "2020.05.19"]
[Round "2"]
[White "doctorcristian"]
[Black "oykuince"]
[Result "1-0"]
[WhiteElo "2366"]
[BlackElo "1988"]
[TimeControl "180+1"]
[EndTime "12:18:39 PDT"]
[Termination "doctorcristian won by resignation"]

1. d4 Nf6 2. Nc3 d5 3. Bf4 e6 4. Nb5 Bd6 5. Nxd6+ cxd6 6. e3 O-O 7. Nf3 Nc6 8. Be2 Re8 9. O-O e5 10. Bg5 Be6 11. c3 h6 12. Bh4 a6 13. Qb3 b5 14.
a4 e4 15. Nd2 Na5 16. Qa3 Nc4 17. Nxc4 bxc4 18. Bg3 a5 19. Qxd6 Qxd6 20. Bxd6 Ra6 21. Ba3 Rb8 22. b4 axb4 23. Bxb4 Bd7 24. a5 Rb5 25. f3 g5 26. Rfb1 exf3 27. gxf3 Bf5 28. Kf2 Bxb1 29. Rxb1 Raxa5 30. Rb2 Ra1 31. Bf1 Ne8 32. Bh3 Nc7 33. Re2 Na6 34. Bd6 Rbb1 35. e4 dxe4 36. fxe4 h5 37. e5 g4 38. Bg2 Rc1 39.
d5 Rxc3 40. e6 fxe6 41. dxe6 Ra5 42. e7 Rf5+ 43. Ke1 Rd3 44. e8=Q+ 1-0

[Event "*** Titled Tuesday Blitz"]
[Site "Chess.com"]
[Date "2020.05.19"]
[Round "2"]
[White "Harsha_Bharathakoti"]
[Black "MateSchmate"]
[Result "0-1"]
[WhiteElo "2745"]
[BlackElo "2518"]
[TimeControl "180+1"]
[EndTime "12:18:40 PDT"]
[Termination "MateSchmate won by checkmate"]

1. Nf3 Nf6 2. c4 c5 3. Nc3 b6 4. d4 cxd4 5. Nxd4 Bb7 6. f3 a6 7. e4 d6 8. Be2 e6 9. Be3 Be7 10. O-O Nbd7 11. a4 Qc7 12. a5 bxa5 13. Nb3 O-O 14.
Nxa5 Rfb8 15. b4 Ne5 16. Qa4 Nc6 17. Nxb7 Qxb7 18. b5 axb5 19. Qxb5 Rxa1 20. Rxa1 Qc8 21. Qa4 h6 22. Nb5 d5 23. cxd5 exd5 24. Rc1 Qd7 25. Bf4 Rc8 26. exd5 Nxd5 27. Bg3 Bg5 28. Rd1 Qe6 29.
Bc4 Nce7 30. Nd6 Be3+ 31. Kh1 Rd8 32. Ne4 Kh7 33. Qb3 Ba7 34. Nc3 Nxc3 35. Rxd8 Qe3 36. Qc2+ g6 37. Rd1 Nxd1 38. Qxd1 Nf5 39. Bxf7 Nxg3+ 40. hxg3 Qf2 41. Qd6 Qg1# 0-1

[Event "*** Titled Tuesday Blitz"]
[Site "Chess.com"]
[Date "2020.05.19"]
[Round "2"]
[White "lupta_robin"]
[Black "1f3_2g41-0"]
[Result "1-0"]
[WhiteElo "2622"]
[BlackElo "2310"]
[TimeControl "180+1"]
[EndTime "12:18:40 PDT"]
[Termination "lupta_robin won by resignation"]

1. e4 c5 2. Nf3 d6 3. d4 cxd4 4. Nxd4 Nf6 5. Nc3 a6 6. Be3 e5 7. Nb3 Be7 8. f3 O-O 9. Qd2 Be6 10. O-O-O b5 11. g4 Nbd7 12. g5 Nh5 13. Rg1 Nb6 14. Nd5 Nxd5 15. exd5 Bf5 16. Na5 Qd7 17. Nc6 f6 18. Bd3 Bxd3 19. Qxd3 fxg5 20. Bxg5 Nf4 21.
Nxe7+ Kh8 22. Qe4 Nh3 23. Qh4 Nxg1 24. Ng6+ Kg8 25. Nxf8 Nxf3 26. Qxh7+ Kxf8 27. Qh8+ Kf7 28. Qh5+ Kg8 29. Qxf3 Rf8 30. Qe4 Rf5 31. Be3 Qf7 32.
a3 Qg6 33. Kb1 Qh7 34. Ka2 Qh5 35. h4 Rf3 36. Rg1 Rf5 37. Rg5 Rxg5 38. hxg5 Qd1 39. g6 Qe1 40. Qf5 Qf1 1-0

[Event "*** Titled Tuesday Blitz"]
[Site "Chess.com"]
[Date "2020.05.19"]
[Round "2"]
[White "Konovalova_Vera"]
[Black "ramses135"]
[Result "0-1"]
[WhiteElo "2148"]
[BlackElo "2507"]
[TimeControl "180+1"]
[EndTime "12:18:40 PDT"]
[Termination "ramses135 won by checkmate"]

1. d4 f5 2. c4 Nf6 3. Nc3 g6 4. Bg5 Bg7 5. Bxf6 Bxf6 6. e3 O-O 7. Nf3 d6 8. Bd3 e5 9. dxe5 dxe5 10. Be2 e4 11. Nd4 c6 12. Rb1 a5 13. O-O Qe7 14.
Qb3 Na6 15. c5+ Kg7 16. Bxa6 Rxa6 17. Qc4 Ra8 18. Rfd1 Be5 19. g3 h5 20. Nce2 Bd7 21.
Nf4 Rae8 22. b4 axb4 23. Rxb4 Bc8 24. Ra4 h4 25. Ra8 Rh8 26. Ra7 Qf6 27. Qa4 Re7 28. Nxc6 bxc6 29. Rxe7+ Qxe7 30. Qxc6 Qf6 31. Qd5 hxg3 32.
hxg3 g5 33. Nd3 exd3 34. Qxd3 Be6 35. Kf1 f4 36. Ke2 f3+ 37. Kd2 Rd8 38. Kc2 Rxd3 39.
Kxd3 Bf5+ 40. Kc4 Qe6+ 41. Kb5 Qxa2 42. Rd8 Qb3+ 43. Kc6 Be4+ 44. Kd7 Qd5+ 45. Kc8 Qc6# 0-1

[Event "*** Titled Tuesday Blitz"]
[Site "Chess.com"]
[Date "2020.05.19"]
[Round "2"]
[White "anon569"]
[Black "mortngabriel"]
[Result "0-1"]
[WhiteElo "2256"]
[BlackElo "2461"]
[TimeControl "180+1"]
[EndTime "12:18:40 PDT"]
[Termination "mortngabriel won on time"]

1. e4 c5 2. Nf3 a6 3. d4 cxd4 4. Nxd4 Nf6 5. f3 e5 6. Nb3 d5 7. exd5 Qxd5 8. Bd3 Nc6 9. Nc3 Bb4 10. Bd2 Qd8 11. a3 Be7 12. Be3 O-O 13. Qd2 b6 14.
O-O-O Be6 15. Qf2 Nd7 16. Be4 Rc8 17. g4 b5 18. Nd5 Bg5 19. h4 Bxe3+ 20. Qxe3 a5 21.
Kb1 a4 22. Nc1 Na5 23. g5 Nc4 24. Qf2 Qa5 25. Na2 Bxd5 26. Nb4 Bxe4 27. Rxd7 Bf5 28.
Rdd1 Qc7 29. Rhe1 Rfd8 30. Ka1 Rxd1+ 31. Rxd1 Rd8 32. Rxd8+ Qxd8 33. Qc5 h6 0-1

[Event "*** Titled Tuesday Blitz"]
[Site "Chess.com"]
[Date "2020.05.19"]
[Round "2"]
[White "Chichin_chao"]
[Black "SergioGarciaFuentes"]
[Result "1-0"]
[WhiteElo "2403"]
[BlackElo "2118"]
[TimeControl "180+1"]
[EndTime "12:18:40 PDT"]
[Termination "Chichin_chao won on time"]

1. e4 e5 2. Nf3 Nf6 3. Nxe5 d6 4. Nf3 Nxe4 5. Nc3 Nf6 6. d4 Be7 7. Bd3 O-O 8. h3 c5 9. O-O Nc6 10. Ne2 Nb4 11. c3 Nxd3 12. Qxd3 b6 13. d5 Re8 14. Ng3 a6 15. a4 Bd7 16. c4 b5 17. b3 Rb8 18.
Bd2 Bf8 19. Ng5 h6 20. Nf3 g6 21. axb5 axb5 22. Ba5 Qc8 23. Bc3 Bg7 24. Rfe1 bxc4 25.
bxc4 Rb3 26. Rac1 Rxe1+ 27. Nxe1 Nh7 28. Qd2 Nf6 29. Qc2 Qb8 30. Nf3 Ba4 31. Qa2 Bd7 32.
Nd2 Rxc3 33. Rxc3 Nxd5 34. Rb3 Nb4 35. Qa5 Bc6 36. Nf3 Bxf3 37. gxf3 Qb7 38. Kg2 Be5 39. Ne4 Qe7 40. Qa8+ 1-0

[Event "*** Titled Tuesday Blitz"]
[Site "Chess.com"]
[Date "2020.05.19"]
[Round "2"]
[White "Radzio1987"]
[Black "stoleriu"]
[Result "1-0"]
[WhiteElo "2899"]
[BlackElo "2552"]
[TimeControl "180+1"]
[EndTime "12:18:41 PDT"]
[Termination "Radzio1987 won by resignation"]

1. c4 e5 2. Nc3 Nc6 3. Nf3 f5 4. d4 e4 5. d5 exf3 6. dxc6 fxg2 7. cxd7+ Qxd7 8. Qxd7+ Bxd7 9. Bxg2 c6 10. Be3 Nf6 11.
O-O-O Be6 12. b3 Be7 13. h3 Kf7 14. Kc2 h6 15. Na4 g5 16. Nc5 f4 17. Bd4 Bf5+ 18. Kb2 Bxc5 19. Bxc5 Rhe8 20. e3 Be4 21. f3 Bf5 22. e4 Be6 23. h4 g4 24. fxg4 Bxg4 25.
Rdf1 Rad8 26. Kc2 Nh5 27. Be3 Be2 28. Rf2 Bd3+ 29. Kb2 Bxe4 30. Bxf4 Bxg2 31. Bc7+ Ke6 32. Rxg2 Rd7 33. Re1+ Kf7 34. Rf2+ Nf6 35. Rxe8 Kxe8 36. Rxf6 Rxc7 37. Rxh6 Rg7 38. Kc3 Rg3+ 39. Kb4 Rg7 40. a4 Kd7 41. a5 Kc7 42. h5 b6 43. a6 c5+ 44. Kb5 Rg3 45. Rh7+ Kd6 46. Ka4 Rg1 47.
Rxa7 Ra1+ 48. Kb5 Ke5 49. Kxb6 Kd4 50. Rd7+ Kc3 51. a7 Kxb3 52. Kxc5 Ra5+ 1-0

[Event "*** Titled Tuesday Blitz"]
[Site "Chess.com"]
[Date "2020.05.19"]
[Round "2"]
[White "tarantul1"]
[Black "chito89"]
[Result "0-1"]
[WhiteElo "2488"]
[BlackElo "2731"]
[TimeControl "180+1"]
[EndTime "12:18:41 PDT"]
[Termination "chito89 won on time"]

1. e4 g6 2. d4 Bg7 3. Nc3 d6 4.
f4 c6 5. Nf3 Qb6 6. e5 Bg4 7.
h3 Bxf3 8. Qxf3 Qxd4 9. Be3 Qb4 10. O-O-O dxe5 11. a3 Qa5 12. Bc4 f5 13. fxe5 Bxe5 14.
Rhe1 Nd7 15. Bd4 Ngf6 16. Bxe5 Nxe5 17. Qe3 Nfd7 18. Rxd7 Kxd7 19. Qxe5 Qxe5 20. Rxe5 Rhf8 21. Ne2 Rf6 22. Nf4 Kd6 23. Re3 e5 24. Ne2 e4 25.
b4 Ke5 26. Rc3 f4 27. Bb3 b6 28. g3 f3 29. Nf4 g5 30. Nh5 f2 31. Bc4 f1=Q+ 32. Bxf1 Rxf1+ 33. Kb2 Rd8 34. Rxc6 e3 35. g4 e2 36. Ng7 Rd6 0-1

[Event "*** Titled Tuesday Blitz"]
[Site "Chess.com"]
[Date "2020.05.19"]
[Round "2"]
[White "ChocolateRoses"]
[Black "poummba"]
[Result "1-0"]
[WhiteElo "2257"]
[BlackElo "2440"]
[TimeControl "180+1"]
[EndTime "12:18:42 PDT"]
[Termination "ChocolateRoses won by resignation"]

1. Nf3 g6 2. g3 Bg7 3. d4 d6 4.
Bg2 Nd7 5. O-O e5 6. c4 Ne7 7. Nc3 O-O 8. e4 exd4 9. Nxd4 Nc6 10. Be3 Nde5 11. c5 Nc4 12. Nxc6 Nxe3 13. Nxd8 Nxd1 14. Raxd1 Rxd8 15. cxd6 cxd6 16. Rd3 Be6 17. b3 Rac8 18. Nb5 a6 19. Nxd6 Rc2 20. Rfd1 Rxa2 21. h4 b5 22. f4 Bb2 23. e5 Ba3 24. Ne4 Rf8 25. Nf6+ Kg7 26. Bd5 Bf5 27. Be4 Bc5+ 28. Kh1 Bh3 29. Bf3 h5 30. Ne4 Be7 31. Rd7 Bxd7 32. Rxd7 Bb4 33. Ng5 Kg8 34. Bd5 Rd2 35. Bxf7+ Kh8 36. Rb7 Bc5 37. Bxg6 Rfd8 38. Nf7+ Kg8 39. Nxd8 Rxd8 40.
Bxh5 Rd3 41. g4 Rxb3 42. Bf7+ 1-0

[Event "*** Titled Tuesday Blitz"]
[Site "Chess.com"]
[Date "2020.05.19"]
[Round "2"]
[White "Popopuiyt"]
[Black "Margarita2907"]
[Result "1-0"]
[WhiteElo "2374"]
[BlackElo "2021"]
[TimeControl "180+1"]
[EndTime "12:18:42 PDT"]
[Termination "Popopuiyt won by resignation"]

1. d4 Nf6 2. c4 e6 3. Nc3 d5 4.
cxd5 exd5 5. Bg5 Be7 6. e3 O-O 7. Bd3 Nbd7 8. Nge2 Re8 9. O-O Nf8 10. b4 c6 11. b5 Ne4 12. Bxe7 Qxe7 13. bxc6 bxc6 14. Qc2 f5 15. Na4 Bd7 16. Rfc1 Ne6 17. Rab1 Rab8 18. Rxb8 Rxb8 19. Bxe4 fxe4 20. Nc5 Nxc5 21.
Qxc5 Qxc5 22. Rxc5 Rb2 23. Nc1 Kf7 24. Kf1 Ke7 25. Ke1 Kd6 26. Ra5 Rb1 27. Kd1 Rb2 28. Ke1 Rb1 29. Rc5 Kc7 30. Kd2 Rb2+ 31. Rc2 Rb8 32.
Nb3 Rf8 33. Kc3 Bg4 34. Nc5 Bc8 35. Rb2 Rf6 36. h4 Rh6 37. g3 Rf6 38. a3 h6 39. Kb4 g5 40. hxg5 hxg5 41. Ka5 Rh6 42. Rc2 Rh1 43. Na6+ Kd6 44. Nb4 Bb7 45. Rb2 Ra1 46.
a4 Bc8 47. Rc2 Bb7 48. Ra2 Bc8 49. Rxa1 1-0

[Event "*** Titled Tuesday Blitz"]
[Site "Chess.com"]
[Date "2020.05.19"]
[Round "2"]
[White "Djager97"]
[Black "Vandros57"]
[Result "1-0"]
[WhiteElo "2361"]
[BlackElo "1922"]
[TimeControl "180+1"]
[EndTime "12:18:42 PDT"]
[Termination "Djager97 won on time"]

1. e4 c5 2. Nf3 e6 3. d4 cxd4 4.
Nxd4 Nf6 5. Bd3 Nc6 6. Nb3 a6 7.
O-O Be7 8. c4 O-O 9. Nc3 d5 10.
cxd5 exd5 11. exd5 Nb4 12. Bg5 Nfxd5 13. Bxe7 Nxe7 14. Be4 Qxd1 15. Raxd1 Rb8 16. Nc5 b6 17. Nd7 Bxd7 18. Rxd7 Rfe8 19. Rfd1 g6 20. g3 h6 21. Kg2 Kg7 22. Rc7 Rbc8 23. Rdd7 Rxc7 24. Rxc7 Kf6 25.
a3 Nf5 26. axb4 Nd6 27. Bd5 Ke5 28. Bxf7 Nxf7 29. Rxf7 Kd4 30. Rf6 a5 31. bxa5 bxa5 32. Rxg6 h5 33. Rg5 Rb8 34. Rxa5 Rxb2 35. Rxh5 Kxc3 36.
Re5 Kd4 37. Re3 Kd5 38. h4 Rb4 39. Kh3 Kd6 40. h5 Kd7 41. g4 Rb6 42. Kh4 Rf6 43.
Kg5 Rxf2 44. h6 Rh2 45. Kg6 Kd6 46. g5 Rh4 47. Kg7 Rg4 48. g6 Kd7 49. h7 Kd8 50.
h8=Q+ Kd7 51. Qe8+ Kc7 52. Qe7+ 1-0

[Event "*** Titled Tuesday Blitz"]
[Site "Chess.com"]
[Date "2020.05.19"]
[Round "2"]
[White "pollo2016"]
[Black "BogdanDeac"]
[Result "0-1"]
[WhiteElo "2571"]
[BlackElo "2989"]
[TimeControl "180+1"]
[EndTime "12:18:43 PDT"]
[Termination "BogdanDeac won on time"]

1. d4 Nf6 2. c4 e6 3. Nc3 Bb4 4. Bg5 c5 5. d5 exd5 6. cxd5 d6 7. e3 Nbd7 8. Bb5 O-O 9. Bxd7 Bxd7 10. Ne2 h6 11.
Bh4 g5 12. Bg3 Bb5 13. Qc2 Bxe2 14. Kxe2 Qe7 15. h4 Bxc3 16. bxc3 Qe4 17. Qxe4 Nxe4 18.
hxg5 hxg5 19. Rh6 Kg7 20. Rah1 Rh8 21. Rxh8 Rxh8 22. Rxh8 Kxh8 23. c4 Nxg3+ 24. fxg3 Kg7 25. Kf3 Kf6 26. Ke4 a6 27. a4 b6 28. g4 Kg6 29.
Kd3 Kg7 30. Ke4 Kf6 31. g3 Kg6 32. Kd3 Kg7 33. Ke4 Kf6 34. Kd3 Ke7 35. Ke4 Kd7 36. Kf5 b5 37. cxb5 axb5 38. axb5 Kc7 39. e4 c4 40. e5 c3 41. e6 fxe6+ 42. dxe6 c2 43.
e7 Kd7 0-1

[Event "*** Titled Tuesday Blitz"]
[Site "Chess.com"]
[Date "2020.05.19"]
[Round "2"]
[White "Mizner"]
[Black "Fandorine"]
[Result "0-1"]
[WhiteElo "2548"]
[BlackElo "2883"]
[TimeControl "180+1"]
[EndTime "12:18:43 PDT"]
[Termination "Fandorine won on time"]

1. d4 Nf6 2. c4 g6 3. g3 Bg7 4.
Bg2 O-O 5. Nc3 d6 6. Nf3 Nc6 7.
d5 Na5 8. b3 a6 9. Bb2 c5 10.
O-O b5 11. cxb5 axb5 12. Nxb5 Qb6 13. Nc3 Nc4 14. Bc1 Qb4 15. Qd3 Ng4 16. bxc4 Qxc3 17.
Rb1 Qxd3 18. exd3 Bf5 19. Rb3 Rxa2 20. h3 Ne5 21. Nxe5 Bxe5 22. Bg5 Re8 23. Rfb1 Bd4 24. Be3 Bxe3 25. fxe3 h5 26. Be4 Bxh3 27. R3b2 Rxb2 28.
Rxb2 Kg7 29. d4 Rc8 30. dxc5 Rxc5 31. Bd3 Bc8 32. Kf2 Ba6 33. Rb4 Kf6 34. e4 Bc8 35. Ke3 g5 36. Kd4 Ra5 37. Rb8 Bg4 38. Rh8 Ra1 0-1

[Event "*** Titled Tuesday Blitz"]
[Site "Chess.com"]
[Date "2020.05.19"]
[Round "2"]
[White "OK97"]
[Black "tsvet2005"]
[Result "1/2-1/2"]
[WhiteElo "2749"]
[BlackElo "2509"]
[TimeControl "180+1"]
[EndTime "12:18:43 PDT"]
[Termination "Game drawn by repetition"]

1. e4 c5 2. Nf3 d6 3. d4 cxd4 4. Nxd4 Nf6 5. Nc3 a6 6. h4 e5 7.
Nb3 Be6 8. f4 g6 9. fxe5 dxe5 10.
Qxd8+ Kxd8 11. Bg5 Nd7 12. O-O-O Kc7 13. Be2 h6 14.
Nd5+ Bxd5 15. Bxf6 Nxf6 16. exd5 Ne4 17. h5 Be7 18. Rhf1 Rhf8 19. Bf3 Ng3 20. Rfe1 Bd6 21. hxg6 fxg6 22. Nd2 Rae8 23. Ne4 Nxe4 24. Rxe4 Rf4 25. Rh1 h5 26. Rhe1 Ref8 27. Kd2 Rxe4 28. Rxe4 b5 29. a4 Kb6 30. axb5 axb5 31. Re1 Kc5 32. Ra1 Re8 33. Ra6 e4 34. Be2 Kxd5 35. Bxb5 Rf8 36. Bc6+ Ke5 37. Ra5+ Ke6 38. Bd5+ Ke5 39. Bc4+ Kd4 40. Ra4 Ke5 41.
Ra5+ Kd4 42. Ra4 Ke5 43. Ra5+ 1/2-1/2

[Event "*** Titled Tuesday Blitz"]
[Site "Chess.com"]
[Date "2020.05.19"]
[Round "2"]
[White "silverback96"]
[Black "attack2mateU"]
[Result "0-1"]
[WhiteElo "2325"]
[BlackElo "2629"]
[TimeControl "180+1"]
[EndTime "12:18:43 PDT"]
[Termination "attack2mateU won on time"]

1. d4 Nf6 2. c4 g6 3. g3 Bg7 4.
Bg2 d5 5. cxd5 Nxd5 6. Nf3 Nb6 7. O-O Nc6 8. Nc3 Nxd4 9. Nxd4 Qxd4 10. Nb5 Qc4 11. a4 O-O 12. Bf4 Bg4 13. f3 Bf5 14. e4 Rfd8 15. Qb1 Be6 16. Rc1 Qb4 17. Nxc7 Rac8 18.
Nxe6 fxe6 19. Qa2 Kf7 20. Bh3 Nc4 21. Rc2 Rc6 22. Rac1 Rdc8 23. b3 Qb6+ 24. Kh1 Ne3 25. Rxc6 Rxc6 26. Rxc6 bxc6 27. Qd2 Bd4 28. Bxe3 Bxe3 29.
Qd3 Bd4 30. f4 Qb4 31. e5 Qe1+ 32. Bf1 Qf2 0-1